Map: [ESL] Moondance

Players

Lambo

  • Race: Zerg Zerg
  • Spawn Location: 12:00

Strange - Winner!

  • Race: Protoss Protoss
  • Spawn Location: 6:00

Event: DreamHack SC2 Masters 2022 Atlanta (Online)

VOD

Have the link to the VOD?

Description

Time

  • Played on: Oct. 12, 2022, 2:05 p.m.
  • Length: 17:38

All games in this series

Show
View Real Time Build Order
Export as new Build Order

Lambo Zerg 

Build Orders: Hatch First, Brood Lord Corruptor 

Get SALT Encoding   

  12  0:00  Drone  
  13  0:13  Overlord  
  13  0:17  Drone  
  14  0:31  Drone x2  
  16  0:48  Hatchery  
  15  0:51  Drone  
  15  0:54  Drone  
  17  0:57  Drone  
  18  1:08  Extractor  
  17  1:13  Spawning Pool  
  17  1:17  Drone  
  17  1:20  Drone  
  18  1:28  Drone  
  19  1:39  Drone  
  20  1:51  Drone  
  21  1:59  Queen  
  21  2:00  Zergling x2, Queen  
  26  2:02  Overlord  
  26  2:08  Metabolic Boost  
  26  2:11  Drone  
  26  2:12  Drone  
  28  2:22  Drone x2  
  30  2:32  Hatchery  
  30  2:34  Drone  
  30  2:41  Drone  
  30  2:42  Drone  
  32  2:45  Overlord  
  32  2:55  Spore Crawler  
  32  2:56  Queen  
  32  2:58  Drone x2  
  36  3:05  Queen  
  36  3:07  Overlord  
  36  3:12  Drone x3  
  41  3:13  Drone  
  41  3:18  Drone  
  43  3:24  Overlord  
  43  3:27  Drone  
  43  3:30  Roach Warren  
  43  3:34  Queen, Drone  
  43  3:36  Drone  
  47  3:44  Drone x3  
  47  3:45  Queen  
  47  3:48  Drone x2  
  54  3:50  Drone  
  54  3:53  Evolution Chamber  
  55  3:58  Overlord  
  55  3:59  Drone  
  55  4:01  Drone  
  57  4:05  Zergling x2  
  57  4:08  Overlord x2  
  58  4:11  Overlord  
  58  4:17  Queen  
  58  4:19  Zergling x6  
  58  4:20  Drone, Zerg Melee Weapons Level 1  
  58  4:22  Drone x2  
  66  4:31  Zergling x6  
  67  4:36  Drone  
  67  4:37  Queen  
  69  4:40  Drone x4  
  69  4:43  Drone x2  
  74  4:47  Spore Crawler  
  74  4:49  Drone x3  
  76  4:56  Drone x5  
  80  5:01  Queen  
  80  5:06  Baneling Nest, Drone x2  
  82  5:07  Drone x2  
  82  5:10  Spore Crawler  
  82  5:11  Spore Crawler  
  82  5:15  Drone  
  82  5:16  Drone x2  
  82  5:18  Drone  
  82  5:20  Overlord  
  88  5:25  Hatchery  
  88  5:28  Spore Crawler  
  84  5:29  Lair  
  84  5:31  Extractor  
  84  5:33  Extractor  
  84  5:34  Extractor  
  81  5:40  Drone x8  
  89  5:52  Overlord  
  89  5:56  Spore Crawler x2, Queen  
  89  5:58  Overlord  
  89  5:59  Overlord x2  
  89  6:03  Overlord  
  89  6:06  Drone, Extractor x2  
  89  6:07  Overlord x2  
  88  6:13  Drone x4  
  88  6:16  Drone x7  
  88  6:17  Drone x2  
  101  6:20  Spore Crawler  
  100  6:29  Drone x3  
  98  6:33  Zergling x6  
  98  6:37  Zerg Melee Weapons Level 2  
  101  6:40  Zergling x2  
  101  6:41  Zergling x6, Roach Warren  
  101  6:42  Spire  
  101  6:46  Drone x6  
  104  6:48  Drone  
  104  6:49  Drone  
  104  6:50  Drone  
  104  6:53  Drone  
  104  7:01  Drone  
  104  7:02  Drone x5  
  104  7:06  Queen  
  104  7:07  Spore Crawler  
  111  7:10  Overlord  
  111  7:11  Zergling x10  
  111  7:12  Zergling x2  
  111  7:14  Centrifugal Hooks  
  116  7:16  Overlord  
  116  7:19  Drone x2  
  117  7:22  Overlord  
  117  7:26  Spine Crawler  
  117  7:28  Roach x3  
  121  7:31  Glial Reconstitution  
  121  7:33  Roach  
  121  7:34  Baneling x9  
  121  7:36  Roach x2  
  127  7:42  Zergling x14  
  134  7:45  Roach  
  134  7:46  Roach x2  
  134  7:49  Infestation Pit  
  140  7:54  Drone x2  
  140  7:55  Drone x3  
  145  8:04  Drone x3  
  144  8:07  Drone x3  
  144  8:10  Roach x7  
  159  8:16  Drone x5  
  159  8:18  Extractor  
  163  8:25  Hive  
  163  8:26  Roach x2  
  167  8:27  Spore Crawler, Spire  
  167  8:31  Baneling  
  167  8:32  Baneling x2  
  165  8:36  Extractor  
  165  8:37  Spine Crawler  
  165  8:39  Spine Crawler  
  165  8:40  Roach x7  
  165  8:41  Baneling x3, Spine Crawler  
  175  8:42  Overlord  
  175  8:43  Overlord  
  175  8:44  Overlord  
  175  8:48  Overlord  
  174  8:49  Overlord  
  174  8:53  Drone x2  
  174  8:54  Overseer  
  174  8:55  Overlord  
  175  9:00  Overlord x2  
  175  9:02  Drone x4  
  178  9:06  Spine Crawler  
  178  9:08  Hatchery  
  176  9:11  Zergling x4  
  176  9:12  Zergling x14  
  176  9:14  Ravager x2  
  176  9:15  Zergling x6  
  189  9:32  Hatchery  
  189  9:34  Zergling x24, Hatchery  
  189  9:36  Baneling x3  
  199  9:45  Overseer  
  199  9:46  Greater Spire, Adrenal Glands  
  199  9:50  Overlord  
  199  9:52  Baneling x15  
  198  10:04  Corruptor x2  
  198  10:29  Extractor  
  198  10:32  Corruptor  
  199  10:46  Spine Crawler  
  199  10:47  Spine Crawler  
  199  10:48  Spine Crawler  
  199  10:49  Spore Crawler  
  194  10:50  Spore Crawler  
  194  10:51  Spore Crawler  
  194  10:53  Corruptor x4  
  195  11:00  Brood Lord x2, Zerg Melee Weapons Level 3  
  195  11:03  Evolution Chamber  
  198  11:06  Pneumatized Carapace  
  198  11:10  Overseer  
  198  11:18  Zerg Flyer Weapons Level 1  
  198  11:21  Ultralisk Cavern  
  198  11:24  Brood Lord  
  188  11:42  Corruptor x2, Brood Lord x4  
  198  11:51  Corruptor  
  197  11:56  Drone x2  
  197  11:57  Drone x3  
  200  12:05  Spine Crawler  
  200  12:06  Spine Crawler x2  
  197  12:18  Corruptor  
  187  12:37  Corruptor x3  
  187  12:40  Drone x3  
  188  12:49  Viper x2  
  188  12:52  Spore Crawler  
  188  12:53  Chitinous Plating  
  188  12:54  Spore Crawler  
  188  12:55  Spore Crawler  
  188  12:56  Spire  
  188  12:57  Drone x3  
  187  13:01  Drone x6  
  193  13:12  Zerg Flyer Armor Level 1  
  193  13:18  Spore Crawler x2, Extractor, Spine Crawler  
  193  13:19  Spore Crawler x3  
  186  13:20  Spore Crawler, Extractor  
  186  13:21  Spore Crawler  
  186  13:22  Spore Crawler  
  186  13:23  Spore Crawler  
  186  13:24  Brood Lord  
  183  13:29  Zergling x26  
  187  13:38  Corruptor x6  
  199  13:41  Pathogen Glands  
  199  13:42  Zerg Ground Armor Level 1, Zerg Missile Weapons Level 1  
  195  13:49  Zergling x2  
  195  13:50  Zergling x10  
  195  13:51  Baneling x7  
  195  13:53  Overseer x2  
  195  14:02  Corruptor x2  
  199  14:10  Spore Crawler  
  189  14:22  Zergling x32  
  180  14:26  Zergling x4  
  180  14:27  Zergling x48  
  183  14:38  Neural Parasite  
  180  14:39  Brood Lord x5, Viper x2  
  180  14:42  Baneling x11  
  180  14:43  Baneling x3  
  195  14:47  Baneling x2  
  195  14:50  Brood Lord  
  195  14:52  Zerg Flyer Weapons Level 2  
  197  14:54  Drone  
  197  14:55  Drone  
  197  14:56  Drone  
  200  15:01  Anabolic Synthesis  
  179  15:26  Zergling x24  
  181  15:35  Corruptor x10  
  197  15:45  Baneling x3  
  197  15:46  Baneling  
  197  15:52  Baneling x6  
  196  16:05  Overseer x2  
  196  16:10  Hatchery  
  187  16:24  Drone x7  
  191  16:26  Brood Lord  
  191  16:27  Corruptor x2  
  169  16:40  Zergling x24  
  169  16:43  Brood Lord x2  
  153  16:57  Brood Lord x3  
  155  17:04  Brood Lord  
  155  17:05  Corruptor x4  
  156  17:09  Baneling x5  
Show
View Real Time Build Order
Export as new Build Order

Strange Protoss - Winner!

Build Orders: 1 Gate Expand, Phoenix Opening, Archon Immortal, Carriers, Mass Phoenix 

Get SALT Encoding   

  12  0:00  Probe  
  13  0:12  Probe  
  14  0:19  Pylon  
  14  0:24  Probe (Chrono Boost)  
  15  0:38  Probe (Chrono Boost)  
  15  0:39  Gateway  
  16  0:46  Probe (Chrono Boost)  
  16  0:47  Assimilator  
  17  0:52  Probe  
  19  1:04  Probe  
  19  1:16  Probe  
  20  1:22  Nexus  
  20  1:34  Cybernetics Core  
  20  1:36  Probe  
  21  1:42  Assimilator  
  21  1:48  Probe  
  21  1:51  Pylon  
  22  2:00  Probe  
  23  2:07  Adept (Chrono Boost)  
  23  2:10  Warp Gate  
  23  2:13  Probe (Chrono Boost)  
  27  2:24  Probe (Chrono Boost)  
  27  2:29  Probe (Chrono Boost), Stalker  
  27  2:35  Probe (Chrono Boost)  
  33  2:44  Probe x2 (Chrono Boost)  
  33  2:49  Probe (Chrono Boost)  
  35  2:51  Probe  
  35  3:01  Probe, Gateway  
  35  3:05  Probe  
  37  3:07  Stargate  
  37  3:08  Stargate  
  37  3:13  Probe (Chrono Boost)  
  37  3:15  Pylon  
  39  3:22  Probe (Chrono Boost)  
  39  3:25  Probe (Chrono Boost)  
  40  3:28  Assimilator  
  40  3:29  Assimilator  
  40  3:31  Probe (Chrono Boost)  
  40  3:32  Probe (Chrono Boost)  
  42  3:36  Pylon  
  42  3:39  Probe  
  43  3:41  Probe  
  44  3:52  Phoenix (Chrono Boost), Probe  
  44  3:54  Probe  
  50  3:59  Phoenix (Chrono Boost)  
  50  4:04  Adept x2  
  50  4:06  Probe  
  50  4:07  Pylon  
  56  4:12  Phoenix (Chrono Boost)  
  57  4:23  Nexus  
  57  4:35  Phoenix (Chrono Boost)  
  57  4:36  Phoenix (Chrono Boost)  
  57  4:37  Probe  
  62  4:43  Probe  
  61  4:50  Pylon  
  61  4:51  Probe  
  62  4:55  Probe  
  62  4:57  Phoenix (Chrono Boost)  
  62  4:58  Phoenix (Chrono Boost)  
  67  5:03  Probe, Pylon x2  
  64  5:12  Probe  
  65  5:15  Phoenix, Probe  
  68  5:23  Forge  
  68  5:24  Twilight Council  
  68  5:25  Probe  
  68  5:27  Probe  
  70  5:30  Robotics Facility  
  70  5:32  Sentry  
  72  5:36  Probe, Assimilator  
  72  5:37  Probe  
  72  5:39  Probe  
  75  5:48  Probe  
  75  5:49  Probe  
  77  5:51  Probe  
  77  5:52  Protoss Ground Weapons Level 1 (Chrono Boost)  
  77  5:54  Gateway  
  78  5:57  Gateway  
  78  5:58  Charge (Chrono Boost)  
  78  6:00  Probe  
  78  6:01  Probe  
  78  6:03  Probe  
  81  6:06  Templar Archives  
  81  6:12  Probe  
  82  6:18  Zealot, Gateway x2  
  82  6:21  Observer (Chrono Boost)  
  85  6:36  Warp Prism (Chrono Boost), Gateway  
  85  6:38  Gateway  
  87  6:42  Gateway  
  87  6:44  Gateway  
  83  7:01  High Templar x2  
  83  7:04  Pylon  
  83  7:06  Nexus  
  83  7:07  Archon  
  83  7:08  Pylon  
  87  7:17  Zealot x4  
  87  7:19  Probe  
  93  7:25  Psionic Storm  
  93  7:28  Immortal (Chrono Boost)  
  97  7:38  Nexus, High Templar x2  
  97  7:39  High Templar x2  
  97  7:41  Probe x3  
  108  7:46  Photon Cannon  
  108  7:48  Photon Cannon  
  108  7:49  Shield Battery  
  108  7:53  Probe x2  
  108  7:54  Probe  
  108  7:55  Zealot x3, High Templar x2  
  121  7:59  Archon  
  121  8:00  Protoss Ground Weapons Level 2 (Chrono Boost)  
  121  8:05  Pylon  
  119  8:07  Pylon  
  119  8:13  Immortal (Chrono Boost)  
  119  8:16  Probe x2  
  125  8:23  Probe  
  126  8:28  Probe  
  126  8:29  Probe  
  126  8:33  Assimilator  
  128  8:34  Photon Cannon  
  128  8:35  Shield Battery, Probe, Pylon  
  128  8:39  High Templar x2  
  128  8:41  Probe x2  
  135  8:42  Immortal  
  135  8:45  Archon  
  135  8:47  Forge, Probe  
  138  8:53  Probe x2  
  140  8:56  Probe  
  140  8:59  Probe  
  142  9:05  Probe x2  
  144  9:11  High Templar x2  
  144  9:14  Immortal, Assimilator  
  152  9:30  Photon Cannon  
  146  9:31  Photon Cannon  
  146  9:33  Photon Cannon  
  146  9:34  Protoss Shields Level 1 (Chrono Boost)  
  146  9:35  Shield Battery, Zealot x2, Sentry  
  146  9:36  Zealot x3  
  156  9:53  Immortal  
  160  10:00  Protoss Ground Weapons Level 3 (Chrono Boost)  
  160  10:01  Zealot x2  
  160  10:02  Zealot x2, Protoss Air Weapons Level 1 (Chrono Boost)  
  162  10:15  Zealot  
  162  10:18  Pylon  
  162  10:21  Pylon x2  
  160  10:22  Stargate  
  160  10:23  Fleet Beacon  
  160  10:24  Pylon  
  160  10:26  Pylon  
  158  10:32  Immortal  
  160  10:38  Zealot x4  
  160  10:39  Zealot x5  
  160  10:40  Zealot  
  160  10:59  High Templar x4  
  160  11:03  High Templar  
  170  11:04  Archon x2  
  170  11:05  Carrier (Chrono Boost)  
  176  11:16  Zealot x5  
  186  11:22  Carrier (Chrono Boost)  
  186  11:23  Nexus  
  186  11:24  Pylon  
  192  11:26  Pylon  
  178  11:42  Zealot x6  
  178  11:43  Zealot x2  
  178  11:46  Carrier (Chrono Boost)  
  194  11:52  Protoss Shields Level 2 (Chrono Boost)  
  194  11:53  Photon Cannon  
  186  11:55  Photon Cannon  
  186  11:57  Photon Cannon  
  186  11:59  Photon Cannon, Protoss Air Weapons Level 2 (Chrono Boost)  
  186  12:00  Shield Battery  
  178  12:02  Shield Battery  
  178  12:08  Probe x2  
  180  12:12  Assimilator  
  180  12:17  Assimilator  
  180  12:20  Carrier (Chrono Boost)  
  180  12:23  Carrier (Chrono Boost)  
  185  12:30  Stalker  
  185  12:31  Zealot x5  
  185  12:35  Protoss Ground Armor Level 1 (Chrono Boost)  
  181  12:51  High Templar x2  
  181  12:57  Photon Cannon  
  183  12:58  Photon Cannon  
  183  13:03  Archon  
  183  13:05  Zealot  
  183  13:06  Zealot x7  
  191  13:40  Carrier x2 (Chrono Boost)  
  191  14:00  High Templar x4  
  199  14:04  Archon  
  199  14:05  Archon  
  189  14:21  Protoss Air Weapons Level 3 (Chrono Boost)  
  179  14:25  Protoss Ground Armor Level 2 (Chrono Boost), Stalker x6  
  179  14:30  Blink (Chrono Boost)  
  167  14:38  Carrier x2 (Chrono Boost), Stalker  
  161  14:39  Stalker x3  
  187  14:48  Carrier (Chrono Boost)  
  187  14:51  Nexus  
  187  14:57  Zealot x6  
  199  15:01  Pylon  
  199  15:03  Pylon  
  199  15:07  Assimilator  
  199  15:09  Assimilator  
  192  15:15  Probe (Chrono Boost)  
  192  15:18  Probe x3 (Chrono Boost)  
  192  15:19  Probe (Chrono Boost)  
  176  15:26  High Templar x5  
  176  15:27  Probe (Chrono Boost), High Templar  
  193  15:31  Probe x4 (Chrono Boost)  
  193  15:32  Probe (Chrono Boost)  
  193  15:33  Archon x2  
  193  15:34  Archon  
  194  15:39  Probe x2  
  184  15:43  Stalker x4  
  192  15:59  Zealot x4  
  188  16:19  Stalker x2  
  188  16:20  Stalker x4  
  172  16:53  Stalker x10  
  156  17:15  Archon  
  156  17:16  Archon  
  142  17:27  Stalker x10  
Tags
 
Add a new tag
Caveats
  • Supply blocks, unpowered buildings, or Contaminate may cause inaccurate times.
  • Supply counts are checked every 10 seconds.